 Dungeon Crawl Stone Soup version 0.18-a0-1041-gbe91bf5 (webtiles) character file.

79583 st0uf the Thrower (level 15, -18/149 HPs)
             Began as a Troll Berserker on Jan 10, 2016.
             Was the Champion of Trog.
             Hit by a large rock thrown by a cyclops (28 damage)
             ... on level 2 of the Orcish Mines.
             The game lasted 02:27:25 (20827 turns).

st0uf the Thrower (Troll Berserker)                Turns: 20827, Time: 02:27:26

Health: -18/149    AC: 15    Str: 29    XL:     15   Next: 21%
Magic:  14/14      EV: 16    Int:  4    God:    Trog [******]
Gold:   2205       SH:  0    Dex: 13    Spells: 0 memorised, 14 levels left

rFire  . . .     SeeInvis +       - Unarmed
rCold  . . .     Gourm    +     W - +2 robe {MR+}
rNeg   . . .     Faith    .     (no shield)
rPois  .         Spirit   .     c - +2 hat
rElec  .         Dismiss  .     G - +2 cloak
rCorr  .         Reflect  .     (gloves unavailable)
SustAt .         Harm     .     (boots unavailable)
MR     ++...                    (no amulet)
Stlth  +.........               s - ring of see invisible
                                Z - +3 ring of protection

@: very resistant to hostile enchantments, very unstealthy
A: unfitting armour, claws 3, fast metabolism 3, gourmand, regeneration 2,
shaggy fur 1, tough skin 2
a: Berserk, Trog's Hand, Brothers in Arms, Burn Spellbooks, Renounce Religion


You were on level 2 of the Orcish Mines.
You worshipped Trog.
Trog was exalted by your worship.
You were very full.

You visited 4 branches of the dungeon, and saw 24 of its levels.
You also visited: Sewer.

You collected 2401 gold pieces.
You spent 196 gold pieces at shops.

Inventory:

Missiles
 e - 531 stones
 k - 9 tomahawks
 l - 2 throwing nets
 n - 8 poisoned javelins
 v - 28 large rocks (quivered)
 x - 14 silver javelins
Armour
 c - a +2 hat (worn)
 t - a +2 robe of cold resistance
 G - a +2 cloak (worn)
 W - a +2 robe of magic resistance (worn)
Jewellery
 o - an uncursed ring of poison resistance
 p - an uncursed ring of flight
 s - a ring of see invisible (right claw)
 M - an uncursed ring of protection from magic
 R - a +3 ring of protection
 Z - a +3 ring of protection (left claw)
Scrolls
 g - 9 scrolls of teleportation
 h - a scroll of immolation
 i - 5 scrolls of recharging {unknown}
 j - 11 scrolls of remove curse
 m - 10 scrolls of magic mapping
 w - a scroll of enchant armour {unknown}
 F - 4 scrolls of fog
 H - 2 scrolls of blinking {unknown}
 T - 5 scrolls of fear
 V - a scroll of enchant weapon
Potions
 a - 4 potions of cancellation
 q - 10 potions of curing
 r - 7 potions of agility
 u - 6 potions of lignification
 z - 7 potions of haste
 A - 2 potions of magic
 C - 5 potions of flight
 J - 4 potions of might
 K - a potion of berserk rage
 L - a potion of invisibility
 N - 2 potions of ambrosia
 O - a potion of heal wounds
 P - 3 potions of resistance
Comestibles
 b - 12 bread rations
 d - 11 chunks of flesh


   Skills:
 + Level 10.1 Fighting
 * Level 14.1 Throwing
 + Level 12.4 Dodging
 + Level 13.1 Unarmed Combat


You had 14 spell levels left.
You didn't know any spells.

Dungeon Overview and Level Annotations

Branches:
Dungeon (13/15)            Temple (1/1) D:7            Lair (8/8) D:9
 Shoals (0/4) Lair:6       Spider (0/4) Lair:4        Slime (0/6) Lair:6
    Orc (2/2) D:10            Elf (0/3) Orc:2
 Vaults: D:13-14

Altars:
Ashenzari
Cheibriados
Dithmenos
Elyvilon
Fedhas
Gozag
Kikubaaqudgha
Makhleb
Nemelex Xobeh
Okawaru
Pakellas
Qazlal
Ru
Sif Muna
Trog
Vehumet
Xom
Yredelemnul
Zin
The Shining One

Shops:
D:8 ?   Orc:2 *}

Annotations:
D:10 exclusion: ice statue


Innate Abilities, Weirdness & Mutations

You are too large for most types of armour.
You have claws for hands.
Your metabolism is lightning-fast.
You like to eat raw meat.
You heal very quickly.
You are covered in fur (AC +1).
You have very tough skin (AC +2).


Message History

You kill the troll!
Trog accepts your kill. The deep troll bites you!!
* * * LOW HITPOINT WARNING * * *
The deep troll closely misses you. The deep troll misses you.
You scratch the deep troll but do no damage.
You claw the deep troll.
The deep troll is lightly wounded.
The cyclops throws a large rock.
The large rock hits you!!
* * * LOW HITPOINT WARNING * * *
You mangle the deep troll!!
The deep troll is heavily wounded.
The deep troll barely misses you. x2
The deep troll misses you.
You closely miss the deep troll.
The deep troll is heavily wounded.
The deep troll closely misses you. The deep troll claws you!
* * * LOW HITPOINT WARNING * * *
The deep troll misses you.
The cyclops throws a large rock.
The large rock hits you!!
You die...

...............
#.............#...
#.........).......
#.................
#.........).......
#............)....
#.................
##................
#@TC..............
##)....).)........
##.....).)........
#...C.))..........
#.................
#..............∩..
#.......(.........
##......()...C....
#................


You could see a deep troll and 2 cyclopes.

Vanquished Creatures
  Maud (Lair:6)
  Snorg (Lair:7)
  Josephine (Lair:6)
  10 hydras
  A catoblepas (Lair:7)
  Erica (Lair:2)
  A centaur warrior (D:8)
  8 death yaks
  An ogre mage (Orc:2)
  Urug (Lair:2)
  Nergalle (D:11)
  Sonja (D:12)
  An unseen horror (D:12)
  A deep troll (Orc:2)
  4 hill giants
  Pikel (D:9)
  A deep elf mage (D:12)
  An oklob plant (Lair:1)
  An orc knight (Orc:1)
  An ugly thing (D:12)
  An orc sorcerer (Orc:2)
  3 cyclopes
  16 elephants
  A siren (Lair:6)
  A centaur zombie (D:10)
  3 black mambas
  Psyche (D:9)
  8 spiny frogs
  A gargoyle (D:11)
  3 centaur skeletons
  4 komodo dragons
  3 fire drakes
  2 spriggan druids (Lair:8)
  10 trolls
  3 merfolk
  2 steam dragons
  2 polar bears (Lair:8)
  6 blink frogs
  10 two-headed ogres
  A slime creature (Lair:6)
  Sigmund (D:3)
  11 spriggans (Lair:8)
  9 redbacks
  4 wraiths
  2 basilisks
  2 wyverns
  Grum (D:9)
  44 yaks
  A hungry ghost (D:9)
  10 hippogriffs
  28 wolves
  A swamp worm (Lair:6)
  10 water moccasins
  11 wargs
  8 porcupines
  2 swamp drakes (Lair:6)
  3 ice beasts
  10 orc warriors
  2 sky beasts (D:8)
  3 wasps (Lair:8)
  2 phantoms
  20 ogres
  10 black bears
  12 centaurs
  13 big kobolds
  16 crocodiles
  17 giant frogs
  A water moccasin zombie (D:9)
  2 gnoll sergeants
  6 scorpions
  A water moccasin skeleton (D:8)
  6 killer bees (D:6)
  14 wights
  3 giant frog zombies
  A wasp zombie (D:10)
  7 crimson imps
  2 quasits (D:11)
  2 hounds
  A jelly (D:7)
  2 giant frog skeletons
  10 orc priests
  14 orc wizards
  Crazy Yiuf (D:3)
  Jessica (D:3)
  6 iguanas
  Natasha (thrice) (D:2)
  7 hell rats (Lair:4)
  7 worker ants
  A killer bee zombie (D:6)
  13 sheep (Lair:5)
  A hound zombie (D:7)
  2 hound skeletons
  8 gnolls
  9 adders
  71 river rats
  2 shadow imps
  6 oozes
  An adder zombie (D:6)
  An adder skeleton (D:4)
  7 worms
  10 giant geckos
  57 orcs
  14 bats
  5 giant cockroaches
  10 goblins
  6 hobgoblins
  18 jackals
  21 kobolds
  3 quokkas
  2 ball pythons
  4 giant newts (Sewer)
  A jackal skeleton (D:4)
  A quokka skeleton (D:7)
  12 rats
  6 plants
762 creatures vanquished.

Vanquished Creatures (collateral kills)
  4 death yaks (Lair:8)
  The ghost of totalnoob the Chopper, a novice CeFi of Makhleb (D:8)
  A fire drake (Lair:8)
  A polar bear (Lair:8)
  5 yaks (Lair:8)
  An orc (D:8)
13 creatures vanquished.

Vanquished Creatures (others)
  2 slaves (D:9)
  An orc (D:9)
  A bush (Lair:8)
  20 fungi
  12 plants
36 creatures vanquished.

Grand Total: 811 creatures vanquished

Notes
Turn   | Place    | Note
--------------------------------------------------------------
     0 | D:1      | st0uf the Troll Berserker began the quest for the Orb.
     0 | D:1      | Reached XP level 1. HP: 22/22 MP: 0/0
   186 | D:1      | Reached XP level 2. HP: 29/29 MP: 1/1
   450 | D:1      | Reached ** piety under Trog
   956 | D:2      | Reached XP level 3. HP: 34/36 MP: 2/2
  1119 | D:2      | Reached skill level 1 in Throwing
  1249 | D:2      | Noticed Natasha
  1266 | D:2      | Killed Natasha
  1270 | D:2      | Reached XP level 4. HP: 28/44 MP: 3/3
  1355 | D:2      | Found a shimmering altar of Xom.
  1356 | D:2      | Found a shimmering altar of Xom.
  1356 | D:2      | Found a shimmering altar of Xom.
  1358 | D:2      | Found a shimmering altar of Xom.
  1358 | D:2      | Found a shimmering altar of Xom.
  1360 | D:2      | Found a shimmering altar of Xom.
  1361 | D:2      | Found a shimmering altar of Xom.
  1361 | D:2      | Found a shimmering altar of Xom.
  1361 | D:2      | Found a shimmering altar of Xom.
  1362 | D:2      | Found a shimmering altar of Xom.
  1373 | D:2      | Noticed Natasha
  1385 | D:2      | Killed Natasha
  1458 | D:2      | Found a white marble altar of Elyvilon.
  1487 | D:2      | Noticed Natasha
  1491 | D:2      | Killed Natasha
  1491 | D:2      | Reached *** piety under Trog
  1491 | D:2      | Reached XP level 5. HP: 52/52 MP: 4/4
  1693 | D:3      | Found an oddly glowing altar of Pakellas.
  1700 | D:3      | Found an ancient bone altar of Kikubaaqudgha.
  1702 | D:3      | Found a sacrificial altar of Ru.
  1843 | D:3      | Reached skill level 4 in Unarmed Combat
  1970 | D:3      | Noticed Crazy Yiuf
  1980 | D:3      | Killed Crazy Yiuf
  1980 | D:3      | Reached XP level 6. HP: 56/61 MP: 5/5
  2079 | D:3      | Noticed Sigmund
  2124 | D:3      | Killed Sigmund
  2232 | D:3      | Noticed Jessica
  2236 | D:3      | Killed Jessica
  2447 | D:4      | Reached XP level 7. HP: 65/67 MP: 6/6
  2742 | D:4      | Reached **** piety under Trog
  2742 | D:4      | Reached skill level 5 in Unarmed Combat
  2804 | D:4      | Found a white marble altar of Elyvilon.
  2936 | D:5      | Entered Level 5 of the Dungeon
  3122 | D:5      | Found a stormy altar of Qazlal.
  3122 | D:5      | Found a basalt altar of Yredelemnul.
  3238 | D:5      | Found a glowing drain.
  3255 | Sewer    | Entered a sewer
  3428 | Sewer    | Received a gift from Trog
  3847 | D:5      | Reached skill level 5 in Dodging
  3857 | D:5      | Reached XP level 8. HP: 76/78 MP: 7/7
  3972 | D:5      | Found a bloodstained altar of Trog.
  4658 | D:6      | Found a sparkling altar of Nemelex Xobeh.
  4672 | D:6      | Reached skill level 6 in Unarmed Combat
  4753 | D:6      | Reached ***** piety under Trog
  4810 | D:6      | Found a shattered altar of Ashenzari.
  4810 | D:6      | Found a glowing golden altar of the Shining One.
  5459 | D:7      | Reached XP level 9. HP: 60/85 MP: 8/8
  5482 | D:7      | Found a staircase to the Ecumenical Temple.
  5494 | Temple   | Entered the Ecumenical Temple
  5589 | D:7      | Reached skill level 5 in Throwing
  5912 | D:7      | Reached skill level 7 in Unarmed Combat
  5998 | D:7      | Reached skill level 5 in Fighting
  6404 | D:8      | Found Jimidghu's Magic Scroll Shoppe.
  6421 | D:8      | Bought a scroll of identify for 28 gold pieces
  6421 | D:8      | Bought a scroll of identify for 28 gold pieces
  6421 | D:8      | Bought a scroll of identify for 28 gold pieces
  6421 | D:8      | Bought a scroll of identify for 28 gold pieces
  6421 | D:8      | Bought a scroll of identify for 28 gold pieces
  6421 | D:8      | Bought a scroll of identify for 28 gold pieces
  6421 | D:8      | Bought a scroll of identify for 28 gold pieces
  6621 | D:8      | Noticed a centaur warrior
  6637 | D:8      | Killed a centaur warrior
  6637 | D:8      | Reached XP level 10. HP: 57/98 MP: 9/9
  6655 | D:8      | Found a burning altar of Makhleb.
  6710 | D:8      | Reached skill level 8 in Unarmed Combat
  6750 | D:8      | Received a gift from Trog
  6751 | D:8      | Noticed totalnoob's ghost (novice CeFi)
  6876 | D:8      | Killed totalnoob's ghost
  7177 | D:9      | Noticed Grum
  7200 | D:9      | Killed Grum
  7200 | D:9      | Received a gift from Trog
  7262 | D:9      | Noticed Psyche
  7272 | D:9      | Killed Psyche
  7302 | D:9      | Found a bloodstained altar of Trog.
  7391 | D:9      | Noticed Pikel
  7403 | D:9      | Killed Pikel
  7493 | D:9      | Reached skill level 9 in Unarmed Combat
  7561 | D:9      | Found a staircase to the Lair.
  7831 | D:9      | Found a shadowy altar of Dithmenos.
  7958 | D:9      | Reached XP level 11. HP: 83/107 MP: 10/10
  8143 | Lair:1   | Entered Level 1 of the Lair of Beasts
  8201 | D:10     | Entered Level 10 of the Dungeon
  8409 | D:10     | Noticed a hill giant
  8417 | D:10     | Killed a hill giant
  8690 | D:10     | Noticed a hill giant
  8700 | D:10     | Killed a hill giant
  9102 | D:11     | Received a gift from Trog
  9237 | D:11     | Noticed Nergalle
  9244 | D:11     | Killed Nergalle
  9335 | D:11     | Received a gift from Trog
  9335 | D:11     | Reached skill level 10 in Unarmed Combat
  9770 | D:12     | Noticed Sonja
  9783 | D:12     | Killed Sonja
  9809 | D:12     | Noticed an eight-headed hydra
  9815 | D:12     | Killed an eight-headed hydra
  9815 | D:12     | Received a gift from Trog
  9815 | D:12     | Reached XP level 12. HP: 28/119 MP: 11/11
 10434 | D:13     | Noticed an eight-headed hydra
 10603 | Lair:1   | Reached skill level 10 in Dodging
 10604 | Lair:1   | Found a sacrificial altar of Ru.
 10648 | Lair:1   | Received a gift from Trog
 10746 | Lair:1   | Received a gift from Trog
 10972 | Lair:1   | Received a gift from Trog
 11431 | Lair:2   | Noticed Erica
 11439 | Lair:2   | Killed Erica
 11489 | Lair:2   | Noticed Urug
 11497 | Lair:2   | Killed Urug
 11497 | Lair:2   | Reached skill level 11 in Unarmed Combat
 11619 | Lair:2   | Reached skill level 10 in Throwing
 13003 | Lair:4   | Received a gift from Trog
 13088 | Lair:4   | Found a basalt altar of Yredelemnul.
 13202 | Lair:4   | Noticed a four-headed hydra
 13205 | Lair:4   | Killed a four-headed hydra
 13291 | Lair:4   | Received a gift from Trog
 13366 | Lair:4   | Noticed a seven-headed hydra
 13372 | Lair:4   | Killed a seven-headed hydra
 13372 | Lair:4   | Reached XP level 13. HP: 128/128 MP: 12/12
 13409 | Lair:4   | Found a hole to the Spider Nest.
 14118 | Lair:5   | Reached skill level 12 in Throwing
 14831 | Lair:6   | Noticed Josephine
 14834 | Lair:6   | Killed Josephine
 14908 | Lair:6   | Noticed Maud
 14927 | Lair:6   | Killed Maud
 15233 | Lair:6   | Found a staircase to the Shoals.
 15265 | Lair:6   | Reached ****** piety under Trog
 15302 | Lair:6   | Received a gift from Trog
 15336 | Lair:6   | Found a staircase to the Slime Pits.
 15892 | Lair:7   | Noticed Snorg
 15907 | Lair:7   | Killed Snorg
 16045 | Lair:7   | Reached XP level 14. HP: 48/140 MP: 13/13
 16060 | Lair:7   | HP: 3/140 [death yak (20)]
 16064 | Lair:7   | Reached skill level 13 in Throwing
 16286 | Lair:7   | Received a gift from Trog
 17021 | Lair:8   | Entered Level 8 of the Lair of Beasts
 17079 | Lair:8   | Received a gift from Trog
 17428 | Lair:8   | Received a gift from Trog
 18022 | Lair:8   | Identified a scroll of acquirement
 18110 | Lair:8   | Received a gift from Trog
 19345 | D:10     | Found a staircase to the Orcish Mines.
 19720 | Orc:1    | Entered Level 1 of the Orcish Mines
 20135 | Orc:2    | Entered Level 2 of the Orcish Mines
 20218 | Orc:2    | Reached XP level 15. HP: 149/149 MP: 14/14
 20244 | Orc:2    | Found a staircase to the Elven Halls.
 20437 | Orc:2    | Reached skill level 10 in Fighting
 20519 | Orc:2    | Received a gift from Trog
 20687 | Orc:2    | Received a gift from Trog
 20700 | Orc:2    | Found Xuriuv's General Store.
 20727 | Orc:2    | Reached skill level 14 in Throwing
 20763 | Orc:2    | Found Vumnifuo's Gadget Shoppe.
 20827 | Orc:2    | Hit by a large rock thrown by a cyclops

Vault maps used:
D:1:      minmay_arrival_wavy_path
D:2:      lemuel_round_altar, xom_redecorated, uniq_natasha
D:3:      grunt_temple_overflow_open, uniq_jessica, uniq_crazy_yiuf_cottage,
          uniq_sigmund
D:4:      elyvilon_altar_5
D:5:      lightli_temple_of_fire, nicolae_overflow_hidden_temple,
          portal_sewer_entry_e, first_bread, st_stairs_14
D:6:      kennysheep_mini_moat, gammafunk_temple_overflow_elements
D:7:      minmay_temple_entry_junction
D:8:      minmay_curly_fans, kennysheep_mini, serial_shops, shop, special_room
D:9:      erik_lair_orcish_takeover, serial_glass, glass_columns_a,
          glass_columns_a, basic_altar, hangedman_fish_farm, trog_book,
          uniq_psyche, uniq_pikel, uniq_grum
D:10:     lemuel_ice_statue, kennysheep_orc_monster_closet_entryway
D:11:     kennysheep_small_circle, uniq_nergalle
D:12:     uniq_sonja
D:13:     david_vaults_1, enter_trove_0
Temple:   minmay_temple_bridge_a_8
Lair:1:   lemuel_oklob_altar
Lair:2:   lemuel_fruit_tree, uniq_erica, uniq_urug
Lair:3:   minivault_25, cheibrodos_lair_reptile_den
Lair:4:   spider_nest_entry_webs, lemuel_centaur_altar
Lair:6:   onia_ninara_swampy_vault, elwin_shoals_entry_rooms, slime_dummy,
          lemuel_fruit_fields, uniq_maud, uniq_josephine
Lair:7:   wad_woods_road_02, nicolae_lair_yak_garden, uniq_snorg
Lair:8:   minmay_lair_end_enchanted_forest
Orc:2:    st_orc_open, mines5_lemuel
Sewer:    sewer_fruit_machine

Action                   |  1- 3 |  4- 6 |  7- 9 | 10-12 | 13-15 || total
-------------------------+-------+-------+-------+-------+-------++-------
Melee: Unarmed           |    86 |   129 |   454 |   649 |   987 ||  2305
Throw: Stone             |    64 |     8 |    40 |    20 |    60 ||   192
       Large rock        |       |       |       |    29 |    81 ||   110
       Javelin           |       |       |       |   111 |   125 ||   236
       Tomahawk          |       |       |       |    10 |    15 ||    25
Invok: Berserk           |     1 |       |     2 |     6 |     4 ||    13
       Brothers in Arms  |       |       |       |     1 |     1 ||     2
       Trog's Hand       |       |       |       |       |     2 ||     2
 Abil: Evoke Flight      |       |       |       |       |     1 ||     1
  Use: Scroll            |       |       |     2 |    15 |    13 ||    30
       Potion            |       |       |       |       |     2 ||     2
 Stab: Distracted        |       |     1 |       |     1 |     1 ||     3
       Sleeping          |       |       |       |     4 |       ||     4
       Petrified         |       |       |       |       |     2 ||     2
  Eat: Chunk             |    17 |    10 |    39 |    80 |    71 ||   217
